Map: King's Cove LE

Players

ShoWTimE - Winner!

  • Race: Protoss Protoss
  • Spawn Location: 11:00

Scarlett

  • Race: Zerg Zerg
  • Spawn Location: 5:00

Event: 2019 WCS Summer

VOD

Have the link to the VOD?

Description

Time

  • Played on: July 13, 2019, 1:49 p.m.
  • Length: 20:08

All games in this series

Show
View Real Time Build Order
Export as new Build Order

ShoWTimE Protoss - Winner!

Build Orders: 1 Gate Expand, Oracle Opening, Phoenix Opening, Archon Immortal 

Get SALT Encoding   

  12  0:00  Probe  
  13  0:12  Probe  
  14  0:18  Pylon  
  14  0:24  Probe  
  15  0:32  Probe  
  15  0:40  Probe  
  15  0:41  Gateway  
  16  0:47  Assimilator  
  17  0:51  Probe  
  18  1:03  Probe  
  19  1:15  Probe  
  20  1:27  Nexus  
  20  1:30  Probe  
  21  1:40  Cybernetics Core  
  21  1:44  Probe  
  22  1:49  Assimilator  
  22  1:56  Pylon  
  22  2:00  Probe  
  23  2:07  Adept  
  23  2:14  Probe  
  24  2:19  Stargate  
  26  2:26  Probe, Warp Gate  
  27  2:35  Probe x2  
  27  2:36  Adept  
  27  2:43  Probe x2  
  33  2:53  Probe x2, Oracle  
  35  3:05  Probe x2  
  40  3:16  Pylon  
  40  3:17  Probe x2  
  42  3:29  Probe, Phoenix  
  42  3:30  Probe, Gateway  
  46  3:36  Assimilator  
  46  3:40  Assimilator  
  46  3:41  Probe  
  46  3:42  Probe  
  46  3:43  Oracle  
  46  3:48  Pylon  
  48  3:53  Probe  
  48  3:54  Probe  
  53  4:05  Probe  
  53  4:06  Probe  
  55  4:12  Robotics Facility  
  55  4:16  Oracle  
  55  4:17  Pylon  
  55  4:18  Probe  
  55  4:21  Probe  
  60  4:27  Adept  
  62  4:33  Pylon  
  62  4:42  Pylon  
  62  4:46  Probe x2  
  62  4:47  Nexus  
  64  4:53  Sentry  
  64  4:55  Sentry  
  64  4:57  Immortal  
  68  5:00  Probe x2  
  68  5:01  Shield Battery  
  72  5:12  Probe x2, Pylon  
  76  5:16  Sentry  
  76  5:19  Sentry  
  80  5:22  Forge  
  80  5:24  Twilight Council  
  80  5:26  Immortal  
  80  5:28  Probe x2  
  86  5:44  Probe x2  
  88  5:52  Shield Battery  
  88  5:54  Stalker x2  
  88  5:56  Immortal  
  92  5:59  Probe  
  92  6:03  Charge  
  93  6:05  Probe  
  93  6:06  Probe  
  99  6:15  Probe  
  99  6:17  Probe  
  99  6:18  Probe, Sentry, Protoss Ground Weapons Level 1  
  104  6:19  Pylon  
  104  6:23  Sentry  
  106  6:27  Assimilator, Probe  
  106  6:29  Probe  
  106  6:30  Assimilator  
  108  6:34  Gateway  
  108  6:35  Gateway  
  108  6:36  Probe  
  108  6:39  Observer  
  111  6:40  Probe  
  111  6:41  Probe  
  112  6:48  Probe  
  112  6:50  Warp Prism  
  112  6:52  Probe  
  112  6:53  Probe  
  115  6:55  Templar Archives  
  115  6:56  Gateway  
  115  6:58  Gateway  
  117  7:03  Pylon  
  117  7:06  Gateway  
  117  7:08  Gateway  
  117  7:16  Pylon  
  117  7:17  Psionic Storm  
  117  7:25  Pylon  
  117  7:26  Immortal  
  118  7:38  High Templar x3  
  124  7:48  Nexus  
  124  7:49  Pylon  
  124  7:51  High Templar  
  124  7:53  Pylon  
  124  7:55  Pylon  
  124  7:57  Zealot x2  
  130  8:02  High Templar  
  130  8:04  Pylon  
  130  8:05  Zealot  
  134  8:12  Gateway  
  134  8:13  Warp Prism  
  134  8:14  Gateway  
  134  8:17  Photon Cannon  
  136  8:20  Photon Cannon  
  136  8:22  Shield Battery  
  136  8:23  High Templar  
  136  8:24  Shield Battery  
  138  8:37  Zealot  
  138  8:38  Zealot  
  138  8:39  Probe x3  
  145  8:42  Assimilator  
  145  8:46  Assimilator, High Templar x3  
  147  8:50  Archon, Protoss Ground Weapons Level 2  
  147  8:51  Probe  
  148  8:57  Photon Cannon  
  148  9:02  High Templar x2  
  152  9:03  Zealot x3  
  152  9:08  Archon  
  155  9:14  Photon Cannon  
  155  9:16  Photon Cannon  
  155  9:17  Photon Cannon  
  155  9:25  Zealot x4  
  155  9:26  Zealot x2  
  167  9:35  Observer  
  167  9:39  Zealot x4  
  174  9:50  Zealot x3  
  178  9:55  Zealot x3  
  180  10:06  Zealot x4  
  187  10:10  Probe x2  
  187  10:14  Archon  
  185  10:21  Zealot  
  185  10:26  Pylon  
  183  10:37  Immortal  
  162  10:43  Zealot x10  
  162  10:44  Zealot x10  
  171  10:53  Probe  
  171  10:54  Probe x2  
  154  11:03  Photon Cannon  
  152  11:06  High Templar x3  
  152  11:07  Fleet Beacon, High Templar  
  152  11:09  Stargate  
  160  11:11  Stargate  
  160  11:13  Shield Battery  
  160  11:15  Photon Cannon, High Templar x2  
  164  11:21  High Templar x2, Protoss Ground Weapons Level 3, Archon  
  168  11:26  Archon  
  168  11:27  Stalker x2  
  168  11:28  Observer  
  173  11:41  Zealot  
  173  11:42  Zealot x3  
  173  11:43  Observer, Pylon  
  173  11:44  Tempest  
  173  11:45  Tempest  
  181  11:52  Tempest  
  192  12:02  Pylon  
  192  12:07  Protoss Air Weapons Level 1, Nexus  
  187  12:22  Zealot x2  
  187  12:23  Zealot x3  
  196  12:32  Zealot x2  
  188  12:52  Observer  
  188  12:54  Zealot x6  
  195  13:03  Blink  
  191  13:09  Zealot x4  
  199  13:25  Nexus  
  199  13:28  Pylon  
  199  13:30  Pylon  
  199  13:37  Zealot  
  197  14:07  Photon Cannon  
  197  14:08  Photon Cannon  
  187  14:10  Photon Cannon, Zealot x8, Gateway  
  187  14:12  Photon Cannon  
  187  14:13  Gateway  
  187  14:15  Shield Battery  
  187  14:16  Observer  
  194  14:18  Pylon  
  194  14:20  Assimilator  
  194  14:22  Protoss Shields Level 1  
  193  14:24  Assimilator, Protoss Air Weapons Level 2  
  193  14:37  Observer  
  194  14:38  Gateway  
  194  14:41  Zealot x3  
  200  14:47  Archon  
  200  14:52  Zealot x7  
  164  14:56  Zealot x7  
  164  15:01  Zealot x3  
  164  15:05  Zealot  
  158  15:08  Zealot  
  158  15:13  Tempest x2  
  158  15:14  Tempest  
  147  15:17  Archon  
  141  15:22  High Templar x7  
  141  15:27  Nexus  
  141  15:28  High Templar x3, Immortal  
  162  15:29  Pylon  
  162  15:30  High Templar  
  162  15:34  Archon x2, Pylon  
  170  15:40  High Templar x2  
  176  15:44  Archon  
  176  15:53  Dark Shrine  
  176  15:55  Photon Cannon  
  176  15:56  Oracle  
  179  15:57  Photon Cannon  
  179  15:59  High Templar x2  
  179  16:00  Photon Cannon, High Templar  
  179  16:01  High Templar x2  
  179  16:03  Archon  
  189  16:04  Archon  
  189  16:10  Zealot x2  
  189  16:11  Zealot x2  
  196  16:18  Observer  
  196  16:26  Robotics Facility  
  196  16:29  Robotics Facility  
  196  16:31  Oracle  
  199  16:36  Photon Cannon  
  199  16:42  Shield Battery  
  199  16:52  Archon x2  
  185  16:59  Zealot x5  
  185  17:00  Zealot x3  
  199  17:04  Protoss Shields Level 2  
  189  17:17  Photon Cannon  
  189  17:19  Pylon  
  187  17:23  Dark Templar x6  
  199  17:43  Zealot  
  198  17:51  Zealot  
  200  18:01  Zealot x2  
  200  18:04  Zealot  
  195  18:15  Photon Cannon  
  195  18:16  Photon Cannon  
  195  18:18  Zealot x2  
  199  18:31  Nexus  
  199  18:33  Pylon  
  185  18:47  Pylon  
  183  18:52  High Templar x4  
  183  18:53  Dark Templar x4  
  199  19:09  Zealot x2  
  194  19:10  Zealot x3  
  186  19:19  Oracle  
  186  19:20  Observer  
  182  19:27  Zealot  
  182  19:28  Zealot x7  
  176  19:33  Zealot x5  
  176  19:37  Archon  
  162  19:42  Observer  
  138  19:46  Archon  
  138  19:48  Archon  
  138  19:49  Zealot  
  138  19:50  Zealot x5  
  147  19:53  Dark Templar x5  
Show
View Real Time Build Order
Export as new Build Order

Scarlett Zerg 

Build Orders: Hatch First, Lurkers 

Get SALT Encoding   

  12  0:00  Drone  
  13  0:12  Overlord  
  13  0:17  Drone  
  14  0:31  Drone x2  
  16  0:48  Hatchery  
  15  0:52  Drone  
  15  0:56  Drone  
  17  0:59  Drone  
  18  1:10  Extractor  
  17  1:14  Spawning Pool  
  17  1:18  Drone  
  17  1:21  Drone  
  18  1:30  Drone  
  19  1:39  Drone  
  20  1:50  Overlord  
  20  2:01  Zergling x2, Queen x2  
  22  2:02  Drone  
  26  2:11  Metabolic Boost, Drone  
  26  2:14  Drone  
  28  2:23  Drone  
  28  2:24  Drone  
  30  2:38  Hatchery  
  30  2:39  Drone  
  30  2:42  Drone  
  31  2:45  Zergling x2  
  31  2:49  Overlord  
  32  2:54  Drone x2  
  34  3:01  Queen  
  36  3:11  Drone x5  
  41  3:15  Drone  
  41  3:16  Drone  
  41  3:18  Overlord  
  43  3:25  Drone  
  44  3:32  Overlord  
  44  3:37  Queen  
  44  3:40  Drone x3  
  49  3:44  Overlord  
  49  3:46  Drone x3  
  52  3:50  Queen  
  54  3:56  Lair  
  51  4:07  Drone x4  
  51  4:08  Drone  
  54  4:11  Drone  
  54  4:14  Drone x3  
  58  4:20  Spore Crawler x2  
  58  4:21  Drone  
  57  4:24  Drone  
  57  4:25  Drone x2  
  57  4:28  Drone  
  57  4:31  Spore Crawler  
  60  4:36  Queen  
  62  4:40  Overlord  
  62  4:41  Drone x3  
  62  4:44  Extractor  
  64  4:45  Drone  
  64  4:46  Drone  
  66  4:59  Drone x8  
  74  5:06  Overlord  
  74  5:07  Overlord x4  
  74  5:11  Hydralisk Den  
  74  5:13  Overlord  
  73  5:16  Extractor  
  73  5:17  Extractor  
  73  5:19  Extractor  
  70  5:23  Baneling Nest  
  70  5:26  Drone x6  
  70  5:27  Evolution Chamber  
  75  5:31  Drone  
  75  5:32  Drone x7  
  80  5:44  Drone x3  
  82  5:50  Extractor, Grooved Spines  
  82  5:52  Hydralisk x4  
  89  6:01  Hydralisk  
  89  6:02  Hydralisk x2  
  89  6:03  Zergling x2  
  89  6:04  Zergling x10  
  101  6:12  Zerg Missile Weapons Level 1, Hatchery  
  100  6:19  Hydralisk x2  
  100  6:24  Drone  
  104  6:27  Hydralisk x2  
  104  6:28  Zergling x8  
  112  6:32  Hatchery  
  112  6:35  Hydralisk x2  
  112  6:36  Zergling x6  
  118  6:43  Lurker Den  
  117  6:49  Overlord x4  
  117  6:59  Drone  
  118  7:01  Infestation Pit  
  118  7:03  Muscular Augments  
  118  7:04  Hydralisk x2  
  121  7:15  Hydralisk x5  
  121  7:18  Drone x5  
  134  7:36  Drone x3  
  135  7:38  Drone x2  
  135  7:39  Drone x6, Extractor  
  135  7:42  Pneumatized Carapace, Extractor  
  141  7:46  Overseer  
  141  7:47  Overseer  
  141  7:51  Overlord x3  
  141  7:53  Drone x4  
  145  8:01  Hydralisk x3  
  151  8:07  Hatchery  
  151  8:09  Lurker x3  
  153  8:14  Overlord x2  
  153  8:16  Hive  
  153  8:21  Zerg Melee Weapons Level 1  
  153  8:25  Evolution Chamber  
  152  8:39  Zergling x44  
  173  8:42  Lurker x2  
  173  8:45  Lurker x2  
  176  8:51  Spore Crawler  
  176  8:53  Lurker x2  
  176  8:54  Zergling x12  
  177  9:10  Overlord  
  177  9:11  Hydralisk x5, Zergling x2  
  177  9:12  Zergling x6  
  177  9:15  Lurker  
  177  9:16  Lurker  
  193  9:19  Zerg Missile Weapons Level 2  
  193  9:24  Zergling x6  
  193  9:25  Zergling x6  
  193  9:28  Spine Crawler  
  198  9:45  Hydralisk x4  
  185  10:12  Hydralisk x5  
  185  10:13  Zergling x32  
  195  10:17  Hydralisk  
  195  10:18  Hydralisk x5, Zergling x2  
  182  10:28  Hydralisk  
  182  10:29  Hydralisk x4  
  181  10:42  Overseer  
  167  10:49  Adaptive Talons  
  164  10:50  Zerg Melee Weapons Level 2  
  155  10:57  Drone  
  155  10:58  Drone x7  
  163  11:05  Spire  
  163  11:11  Lurker x5  
  163  11:12  Lurker x3  
  167  11:27  Extractor  
  167  11:28  Lurker x3  
  167  11:29  Zergling x34  
  167  11:30  Extractor  
  185  11:37  Overlord  
  185  11:40  Spine Crawler x2  
  185  11:41  Spore Crawler  
  185  11:46  Adrenal Glands  
  182  11:47  Zerg Missile Weapons Level 3  
  182  11:50  Overlord  
  182  11:56  Lurker  
  182  11:57  Lurker  
  182  11:59  Zergling x26  
  194  12:13  Hatchery  
  194  12:14  Overseer x4  
  193  12:21  Greater Spire  
  171  12:53  Hydralisk x9  
  171  12:54  Zergling x22  
  182  13:07  Zerg Melee Weapons Level 3  
  182  13:16  Hydralisk x8  
  182  13:17  Zergling x2  
  198  13:43  Zerg Flyer Weapons Level 1  
  190  14:01  Overseer  
  184  14:07  Hydralisk x9  
  184  14:08  Zergling x2  
  199  14:12  Spine Crawler x2  
  199  14:13  Spine Crawler  
  195  14:28  Hydralisk x2  
  158  14:53  Hydralisk x9, Zergling x2  
  158  14:54  Zergling x32  
  182  15:05  Overlord x2  
  182  15:06  Overlord  
  173  15:34  Hatchery  
  172  15:36  Hatchery, Overseer  
  172  15:38  Lurker x18  
  172  15:41  Overseer  
  188  15:49  Overlord x2  
  186  16:14  Hydralisk x7  
  199  16:37  Zerg Flyer Weapons Level 2  
  197  16:50  Hatchery  
  177  16:55  Hydralisk x14  
  186  17:19  Drone x3  
  190  17:28  Zerg Ground Armor Level 1  
  190  17:38  Hydralisk x5  
  189  18:04  Hydralisk x10  
  189  18:05  Hydralisk x10  
  188  18:15  Hydralisk  
  188  18:16  Hydralisk x5  
  189  18:29  Overseer x2  
  183  18:40  Hydralisk x7  
  183  18:41  Hydralisk  
  192  18:57  Hydralisk x3  
  192  18:58  Overlord  
  187  19:18  Hydralisk x5  
  187  19:20  Overlord x2  
  184  19:26  Hydralisk  
  184  19:27  Hydralisk x5  
  184  19:29  Overlord  
  161  19:37  Hydralisk x2  
  161  19:38  Zergling x12  
  110  19:48  Overseer  
Tags
 
Add a new tag
Caveats
  • Supply blocks, unpowered buildings, or Contaminate may cause inaccurate times.
  • Supply counts are checked every 10 seconds.